← All builds
Pond / Armada / Economy first / OBSERVED BUILD

Standard pond

Armada Pond build order · Supreme Isthmus

Economy-first Pond with Bot Lab and Tidal boosting for allies, sending units front and teching into Advanced Metal Extractor as usual.

#eco #team support · 297 distinct matches · 131 players · 15% of Armada Pond games · team won 46% of 304 · Recently observed

HOW TO PLAY IT

Key timing: Bot Lab by 3:41

  1. Drop tidal and wind turbines fast to start boosting the fronts.
  2. Add mex and keep wind count above 10 for boost.
  3. Put down the bot lab and start pushing basic bots to front.
  4. Open a second bot lab and keep feeding units forward.
  5. Transition into T2 with an advanced mex and switch army to Tick/Pawn/Blitz.

Phase by phase

TYPICAL OF ITS 297 GAMES
  1. 1
  2. 2
  3. 3
PLAY THE OPENING

Follow the example game's first 6:00 step by step: what to build now, what comes next, and where it goes. At 1× it keeps pace with your own game.

  1. 1

    Up to the Bot Lab

    Economy
    • Metal Extractor4Mex
    • Tidal Generator8Tidalfor allies
    • Wind Turbine4Wind
    • Tidal Generator1Tidal
    • Energy Storage1Energy storage
    Order
    1. Bot LabBot Lab after 4 mex, 4 wind, 1 tidaldone ~3:38, middle half 3:12–5:00

    By 3:21 in all: 4 mex · 4 wind · 1 tidal · 1 energy storage

    The example game in this phase · 5 steps
    1. Tidal ×8for Suicide front
    2. Energy storage
    3. Tidal ×2
    4. Mex ×4
    5. Bot LabBot Labdone 3:44 · typical 3:38
  2. 2

    Bot Lab to 5:00

    Economy
    • Wind Turbine2Wind
    Builders
    • Construction Bot2 Con bot

    Some games also: Lazarus (44%) · con turret (44%) · converter (34%)

    By 5:00 in all: 4 mex · 9 wind · 1 tidal · 1 converter · 1 energy storage · 1 con turret

    The example game in this phase · 4 steps
    1. LazarusLazarus
    2. Construction BotCon bot ×2
    3. Con turret
    4. Wind ×4
  3. 3

    5:00 to 10:00

    Economy
    • Wind Turbine28Wind
    • Energy Converter6Converter
    Builders
    • Construction Turret1 Con turret

    Some games also: con bot (49%) · tick (42%) · pawn (34%) · eat Bot Lab (49%)

    By 10:00 in all: 4 mex · 38 wind · 1 tidal · 9 converter · 1 energy storage · 3 con turret

    The example game in this phase · 113 steps
    1. Wind ×4
    2. TickTick
    3. Wind
    4. TickTick ×2
    5. Wind
    6. Con turret
    7. Wind
    8. TickTick
    9. Wind
    10. TickTick
    11. Wind
    12. TickTick ×2
    13. Wind ×2
    14. TickTick ×2
    15. Wind
    16. TickTick ×6
    17. Wind ×2
    18. TickTick ×2
    19. Wind
    20. Converter
    21. TickTick
    22. Converter
    23. TickTick
    24. Wind
    25. TickTick
    26. Converter
    27. TickTick
    28. Wind
    29. TickTick
    30. Wind
    31. Converter
    32. TickTick
    33. Converter
    34. TickTick ×2
    35. Converter
    36. TickTick
    37. Converter
    38. Wind
    39. TickTick
    40. Advanced Metal ExtractorT2 mexdone 8:01 · typical 9:03
    41. Converter
    42. Wind
    43. TickTick ×7
    44. Wind ×2
    45. TickTick ×4
    46. Advanced Metal ExtractorT2 mex
    47. TickTick ×2
    48. Wind
    49. TickTick ×4
    50. Wind
    51. TickTick
    52. Advanced Metal ExtractorT2 mex
    53. TickTick ×6
    54. Wind
    55. TickTick ×3
    56. Wind
    57. TickTick ×8
    58. Wind
    59. TickTick ×5
    60. Wind
    61. TickTick ×4
    62. PawnPawn
    63. Wind
    64. PawnPawn
    65. CenturionCenturion ×2
    66. Wind
    67. CenturionCenturion
    68. Wind
    69. CenturionCenturion ×2
    70. Advanced Metal ExtractorT2 mex
    71. Wind ×2
    72. CenturionCenturion
    73. Wind ×8
    74. Fusion ReactorFusiondone 12:40
    75. Wind
    76. CenturionCenturion
    77. Wind ×3
    78. Construction BotCon bot
    79. Wind ×16
    80. Con turret
    81. Wind ×3
    82. Con turret
    83. Wind
    84. T2 converter
    85. Wind ×2
    86. PawnPawn
    87. Wind ×4
    88. PawnPawn ×3
    89. Wind
    90. PawnPawn
    91. Wind
    92. PawnPawn
    93. Wind ×2
    94. PawnPawn ×2
    95. Wind
    96. LazarusLazarus
    97. T2 converter
    98. PawnPawn ×2
    99. Wind
    100. PawnPawn
    101. Wind
    102. PawnPawn ×4
    103. Wind
    104. PawnPawn ×2
    105. Wind
    106. PawnPawn
    107. Con turret
    108. PawnPawn ×3
    109. Wind
    110. Con turret
    111. PawnPawn
    112. Wind
    113. PawnPawn

Counts are medians over the build's games: half of them build more, half fewer. The example game is Akhenaten's (31 OS, 23/09/2026); pick another.

Team trades

IN AT LEAST 30% OF ITS GAMES

You hand over

  • Tidal Generator8 Tidal to Suicide front or Frontfirst at 0:11 · in 94% of games

You get

  • Advanced Construction Bot1 T2 con bot from Techfirst at 7:36 · in 84% of games

How it plays out

Typical game of this build, running totals by minute

Metal produced

010k20k30k
0:005:0010:0015:00

metal

Enemy metal destroyed

01k2k3k
0:005:0010:0015:00

metal

Own metal lost

02k4k
0:005:0010:0015:00

metal

304 games.

Show as table
ByMetal produced: This buildEnemy metal destroyed: This buildOwn metal lost: This build
1:0011500
2:0026800
3:0079900
4:00147300
5:00218500
6:00299500
7:003910210
8:004948170117
9:006223379316
10:007705611552
11:009645842855
12:001205211691289
13:001453815531876
14:001742721342535
15:002018825993249
WHAT THE NUMBERS SAY

This is the role's baseline line, winning under half its games with mid economy and modest kills versus losses by 15:00.

  • + Reaches T2 constructor by 8:09 in 91% of games, a reliable tempo.
  • − Team wins only 46% of games, no edge over the role's norm.
THE EXAMPLE YOU ARE READING

Akhenaten

31.4 OS · 23/09/2026

Open source match ↗

1 received units · includes a constructor
22 metal received · 27904 energy received

Allied construction assistance is unknown. Timings are observations, not a promise of solo reproducibility.

Typical milestones

Bot Lab3:38Middle 50%: 3:12–5:00 · n=277
Advanced Metal Extractor9:03Middle 50%: 7:58–10:04 · n=261

Played most by

EpicTyrannus14games of this buildViltrum13games of this buildzeus_on_god11games of this buildHunfore8games of this build_[BOBO]_7games of this build